 Dungeon Crawl Stone Soup version 0.24.1 (webtiles) character file.

Game seed: 291305501854342811, levelgen mode: deterministic

1656 Curus the Cleaver (level 8, -12/64 HPs)
             Began as a Minotaur Abyssal Knight on Apr 4, 2020.
             Was an Elder of Lugonu.
             Mangled by an orc warrior
             ... wielding a +0 trident
              (14 damage)
             ... on level 6 of the Dungeon.
             The game lasted 00:21:23 (4488 turns).

Curus the Cleaver (Minotaur Abyssal Knight)         Turns: 4488, Time: 00:21:25

Health: -12/64     AC: 13    Str: 17    XL:     8   Next: 68%
Magic:  13/13      EV:  5    Int:  9    God:    Lugonu [****..]
Gold:   296        SH:  0    Dex: 12    Spells: 7/7 levels left

rFire    . . .     SeeInvis .   m - +2 hand axe (venom)
rCold    . . .     Gourm    .   (no shield)
rNeg     . . .     Faith    .   j - +1 plate armour
rPois    .         Spirit   .   (helmet restricted)
rElec    .         Reflect  .   (no cloak)
rCorr    .         Harm     .   l - +0 pair of gloves
MR       .....                  (no boots)
Stlth    ..........             e - amulet of regeneration
HPRegen  0.60/turn              g - ring of flight
MPRegen  0.13/turn              (no ring)

@: no status effects
A: retaliatory headbutt, horns 2
a: Depart the Abyss, Bend Space, Banish, Corrupt, Renounce Religion, Evoke
Flight


You were on level 6 of the Dungeon.
You worshipped Lugonu.
Lugonu was greatly pleased with you.
You were not hungry.

You visited 1 branch of the dungeon, and saw 6 of its levels.
You visited the Abyss 1 time.

You collected 296 gold pieces.

Inventory:

Hand Weapons
 a - a +1 hand axe
 m - a +2 hand axe of venom (weapon)
Armour
 b - a +0 leather armour
 h - a +0 ring mail
 j - a +1 plate armour (worn)
 l - a +0 pair of gloves (worn)
Jewellery
 d - an uncursed amulet of magic regeneration
 e - an amulet of regeneration (around neck)
 g - a ring of flight (left hand)
Scrolls
 f - 2 scrolls of noise
 k - 6 scrolls of teleportation
 p - a scroll of amnesia
Potions
 i - a potion of heal wounds
 n - a potion of curing
 o - a potion of haste
 q - a potion of cancellation
Comestibles
 c - 11 rations


   Skills:
 - Level 3.6 Fighting
 + Level 9.7 Axes
 - Level 2.4 Armour
 - Level 1.1 Dodging
 + Level 8.0 Invocations


You had 7 spell levels left.
You didn't know any spells.
Your spell library contained the following spells:

 Spells                   Type           Power        Failure   Level  Hunger
 Sting                    Conj/Pois      #...         100%        1    ##.....
 Poisonous Vapours        Pois/Air       #.....       100%        2    ###....
 Mephitic Cloud           Conj/Pois/Air  #.......     100%        3    ####...
 Olgreb's Toxic Radiance  Pois           #.......     100%        4    #####..
 Venom Bolt               Conj/Pois      #.........   100%        5    ######.


Dungeon Overview and Level Annotations

Branches:
Dungeon (6/15)             Temple (0/1) D:6

Altars:
Cheibriados
Dithmenos
Elyvilon
Kikubaaqudgha
Makhleb
Okawaru
Trog
Uskayaw
Vehumet


Innate Abilities, Weirdness & Mutations

You reflexively headbutt those who attack you in melee.
You have a pair of horns on your head.


Message History

The orc warrior hits you from afar with a +0 trident!
* * * LOW HITPOINT WARNING * * *
The orc priest hits you but does no damage.
Things that are here:
a +0 short sword; a giant cockroach corpse; an orc corpse The orc priest looks satisfied for a moment.
You closely miss the orc priest. You hit the orc priest.
The orc priest is poisoned.
The orc priest is heavily wounded.
The orc priest hits you but does no damage.
The orc warrior hits you from afar with a +0 trident.
* * * LOW HITPOINT WARNING * * *
You hit the orc priest.
The orc priest looks as sick as possible!
The orc priest is severely wounded.
The orc priest calls down the wrath of Beogh upon you.
Beogh smites you!
* * * LOW HITPOINT WARNING * * *
The orc warrior hits you from afar with a +0 trident!
You die...

#... #.... #...#
## #...# ..
##....### .
###.......#
##..........
##..@)o......
##.†##o.......
###.[###........
#.†.## #........
# ##..##
#........ #
#..## ##.......
## ##..###
##..... #.
#.....### ##...
#. #.......## #.


You could see an orc warrior and an orc priest.

Vanquished Creatures
  Prince Ribbit (D:6)
  Sigmund (D:4)
  A water moccasin (D:6)
  An eye of draining (Abyss:1)
  2 ice beasts
  An ogre (D:5)
  A centaur (D:6)
  Blork the orc (D:4)
  A scorpion (D:6)
  A bullfrog zombie (D:6)
  3 orc priests
  4 hounds
  A jelly (D:5)
  A bullfrog skeleton (D:4)
  An iguana (D:5)
  3 worker ants (D:4)
  An orc wizard (D:3)
  4 gnolls (D:2)
  6 adders
  A shadow imp (D:3)
  An adder skeleton (D:4)
  2 worms
  2 dart slugs
  4 leopard geckos
  15 orcs
  15 bats
  5 giant cockroaches
  8 goblins
  8 hobgoblins
  14 jackals
  A quokka (D:5)
  7 frilled lizards
  A jackal skeleton (D:4)
  7 kobolds
  2 leopard gecko skeletons (D:4)
  5 rats
133 creatures vanquished.

Notes
Turn   | Place    | Note
-------+----------+-------------------------------------------
     0 | Abyss:1  | Curus the Minotaur Abyssal Knight began the quest for the
                  | Orb.
     0 | Abyss:1  | Reached XP level 1. HP: 19/19 MP: 1/1
    86 | Abyss:1  | Noticed an eye of draining
    98 | Abyss:1  | Noticed a vampire
   100 | Abyss:1  | Killed an eye of draining
   100 | Abyss:1  | Reached skill level 4 in Axes
   100 | Abyss:1  | Reached XP level 2. HP: 26/26 MP: 0/3
   100 | Abyss:1  | Reached XP level 3. HP: 31/31 MP: 0/4
   100 | Abyss:1  | Reached XP level 4. HP: 39/39 MP: 0/5
   102 | D:1      | Escaped the Abyss
   393 | D:1      | Reached ** piety under Lugonu
  1030 | D:2      | Reached XP level 5. HP: 43/45 MP: 6/6
  1125 | D:2      | Reached skill level 5 in Axes
  1459 | D:2      | Found an iron altar of Okawaru.
  1704 | D:3      | Found a radiant altar of Vehumet.
  1893 | D:3      | Found a white marble altar of Elyvilon.
  1894 | D:3      | Found an ancient bone altar of Kikubaaqudgha.
  1984 | D:3      | Found a hide-covered altar of Uskayaw.
  1990 | D:3      | Reached XP level 6. HP: 15/51 MP: 8/8
  1991 | D:3      | Reached *** piety under Lugonu
  2558 | D:4      | Noticed Blork the orc
  2569 | D:4      | Killed Blork the orc
  2569 | D:4      | Reached skill level 6 in Axes
  2569 | D:4      | Reached skill level 5 in Invocations
  2890 | D:4      | Reached XP level 7. HP: 57/57 MP: 10/10
  2913 | D:4      | Found a shadowy altar of Dithmenos.
  2937 | D:4      | Found a snail-covered altar of Cheibriados.
  3191 | D:4      | Noticed Sigmund
  3207 | D:4      | Killed Sigmund
  3207 | D:4      | Reached skill level 7 in Axes
  3230 | D:4      | Found a burning altar of Makhleb.
  3412 | D:5      | Entered Level 5 of the Dungeon
  3476 | D:5      | Reached skill level 8 in Axes
  3934 | D:5      | Found a bloodstained altar of Trog.
  3938 | D:5      | Reached XP level 8. HP: 38/64 MP: 12/12
  4222 | D:6      | Found a staircase to the Ecumenical Temple.
  4294 | D:6      | Reached skill level 9 in Axes
  4450 | D:6      | Noticed Prince Ribbit
  4475 | D:6      | Killed Prince Ribbit
  4475 | D:6      | Reached **** piety under Lugonu
  4488 | D:6      | HP: 2/64 [orc priest/divine providence (16)]
  4488 | D:6      | Mangled by an orc warrior

Levels and vault maps discovered:
D:1:      roderic_dead_forest, layout_basic, chequers_decorated_corner
D:2:      layout_loops_ring, lemuel_coloured_pillars_altar, first_ration,
          minmay_misc_feat_plants
D:3:      layout_basic, gammafunk_temple_overflow_pools,
          overflow_temple_1_default, old_standard_altar
D:4:      layout_basic, kennysheep_mini, kennysheep_little_box,
          makhleb_blood_cavern_becter, uniq_sigmund, uniq_blork_the_orc
D:5:      layout_loops_corners, trog_butcher_becter
D:6:      layout_cave_pods, minmay_temple_entry_sparse_star, serial_park,
          serial_park_square3 [serial_park_minivault_5x5_4], serial_park_tiny_2,
          serial_park_square1 [serial_park_minivault_5x5_8],
          kennysheep_generic_room_6, uniq_prince_ribbit1

Skill      XL: |  1  2  3  4  5  6  7  8 |
---------------+-------------------------+-----
Axes           | 4 5 6 8 9 |  9.7
Invocations    | 3 4 5 6 8 |  8.0
Fighting       | |  3.6
Armour         | |  2.4
Dodging        | |  1.1

Action                   |  1- 3 |  4- 6 |  7- 9 || total
-------------------------+-------+-------+-------++-------
Melee: Hand axe          |    10 |   230 |   134 ||   374
       Headbutt          |     2 |    34 |    23 ||    59
  Use: Potion            |       |     8 |       ||     8
       Scroll            |       |     6 |     3 ||     9
  Eat: Chunk             |       |     6 |     2 ||     8
       Ration            |       |       |     1 ||     1
Armor: Leather armour    |       |    27 |       ||    27
       Plate armour      |       |   115 |    75 ||   190
Dodge: Dodged            |       |    76 |    32 ||   108
